cohdb
Replays
Latest Replays
All Replays
Popular Replays
Top Player Replays
Match Explorer
How It Works
Community
CoH3 Stats
Reddit
Sign in to upload your games and track your stats! →
Sign in with Steam
havoc vs ferig, rangers vs luftwaffe ville fiore
Match 18213370
Overview
Messages
Build Orders
End
Construct Barracks
Scout Squad
Riflemen Squad
Riflemen Squad
Riflemen Squad
Construct Medical Station
Infantry Support Center
Selects Advanced Infantry Battlegroup
Riflemen Squad
Grenade Package
Selects Convert to Ranger Squad
Selects Artillery Observers
Construct Motor Pool
M8 Greyhound Armored Car
Demolitions Package
Engineer Squad
Convert to Ranger Squad
M24 Chaffee Light Tank
Advanced Logistics
M24 Chaffee Light Tank
Selects Frontline Medical Station
Selects Ranger Weapon Training
M24 Chaffee Light Tank
M1 Anti-tank Gun Team
M1 Mortar Team
M24 Chaffee Light Tank
M24 Chaffee Light Tank
Selects M2A1 105mm Howitzer Emplacement
Selects 155mm Rapid Artillery Barrage
M24 Chaffee Light Tank
M24 Chaffee Light Tank
M24 Chaffee Light Tank
M24 Chaffee Light Tank
Convert to Ranger Squad
155mm Rapid Artillery Barrage
M24 Chaffee Light Tank
M24 Chaffee Light Tank
M24 Chaffee Light Tank
RtN.havoc
F3riG
0
0
Comments
sign in to comment!
No comments posted yet!